 Dungeon Crawl Stone Soup version 0.27.0-1-g7a089689b8 (webtiles) character file.

Game seed: 7112214546437606135

8556 Froggeryz the Slicer (level 11, 0/81 HPs)
             Began as an Octopode Berserker on Aug 4, 2021.
             Was a High Priest of Trog.
             Slain by an unseen horror (1 damage)
             ... on level 10 of the Dungeon.
             The game lasted 00:14:26 (11402 turns).

Froggeryz the Slicer (Octopode Berserker)          Turns: 11402, Time: 00:14:26

Health: 0/81       AC:  1    Str: 16    XL:     11   Next: 32%
Magic:  11/11      EV: 16    Int: 10    God:    Trog [*****.]
Gold:   463        SH:  5    Dex: 15    Spells: 10/10 levels left

rFire    . . .     SeeInvis .   C - +5 short sword (freeze)
rCold    . . .     Faith    .   (no shield)
rNeg     . . .     Spirit   .   (helmet restricted)
rPois    .         Reflect  +   n - amulet of reflection
rElec    .         Harm     .   (no ring)
rCorr    .         Rampage  .   (no ring)
Will     .....                  (no ring)
Stlth    +++++.....             (no ring)
HPRegen  0.23/turn              (no ring)
MPRegen  0.12/turn              (no ring)
                                (no ring)
                                (no ring)

@: no status effects
A: almost no armour, amphibious, 8 rings, camouflage 1, gelatinous body 1,
(nimble swimmer 1), tentacles
a: Renounce Religion, Berserk, Trog's Hand, Brothers in Arms


You were on level 10 of the Dungeon.
You worshipped Trog.
Trog was extremely pleased with you.
You visited 1 branch of the dungeon, and saw 10 of its levels.
You also visited: Sewer.

You collected 463 gold pieces.

Inventory:

Hand Weapons
 h - a +2 short sword of draining
 x - a +4 short sword
 C - a +5 short sword of freezing (weapon)
 F - a +1 dagger of venom
Missiles
 a - a curare-tipped dart
 i - 44 poisoned darts (quivered)
 y - 3 javelins
 D - 5 boomerangs
Jewellery
 n - an amulet of reflection (around mantle)
 w - an amulet of magic regeneration
Scrolls
 e - 2 scrolls of enchant weapon
 g - 5 scrolls of amnesia
 k - 2 scrolls of vulnerability
 m - a scroll of immolation {unknown}
 o - 2 scrolls of teleportation
 p - a scroll of torment
 q - 3 scrolls of enchant armour {unknown}
 t - 3 scrolls of magic mapping {unknown}
 B - a scroll of fog {unknown}
 E - 2 scrolls of silence {unknown}
 H - a scroll of identify
Potions
 b - a potion of berserk rage {unknown}
 c - 2 potions of ambrosia {unknown}
 d - 2 potions of flight
 f - a potion of magic
 l - 2 potions of cancellation {unknown}
 r - 3 potions of brilliance
 s - a potion of haste {unknown}
 u - 3 potions of might
 z - 3 potions of attraction {unknown}
 A - 2 potions of degeneration {unknown}
 G - 2 potions of invisibility {unknown}


   Skills:
 * Level 10.3 Fighting
 - Level 10.6 Short Blades
 + Level 7.6 Dodging
 - Level 10.1 Stealth


You had 10 spell levels left.
You didn't know any spells.
Your spell library was empty.

Dungeon Overview and Level Annotations

Branches:
Dungeon (10/15)            Temple (0/1) D:6            Lair (0/6) D:9
    Orc (0/2) D:10          Sewer (visited)

Altars:
Fedhas
Kikubaaqudgha
Nemelex Xobeh
Okawaru
Ru
Sif Muna
Trog
Wu Jian
Xom

Shops:
D:4 (   D:6 ?   D:10 *


Innate Abilities, Weirdness & Mutations

You cannot wear most types of armour.
You are amphibious.
You can wear up to eight rings at the same time.
Your skin changes colour to match your surroundings (Stealth+).
Your rubbery body absorbs attacks. (AC +1, EV +1)
((You are camouflaged near water. (Stealth+)))
You have tentacles for arms and can constrict up to eight enemies at once.


Message History

You barely miss something. You squeeze something. Something hits you!
You closely miss something. Your squeeze misses something. Something hits you.
Something hits you!
There is an open door here.
You hit something but do no damage. Your squeeze misses something.
Something hits you. Something hits you!
You hit something but do no damage. Your squeeze misses something.
Something hits you. Something hits you.
* * * LOW HITPOINT WARNING * * *
There is an open door here.
Something hits you.
* * * LOW HITPOINT WARNING * * *
You hit something. You freeze something. Something hits you but does no damage.
You closely miss something. Your squeeze misses something. Something hits you.
* * * LOW HITPOINT WARNING * * *
As you close the door, it creaks loudly!
Something hits you.
* * * LOW HITPOINT WARNING * * *
You hit something. You freeze something. Your squeeze misses something.
Something closely misses you.
You aren't carrying any items that you can evoke.
You feel better.
You barely miss something. You squeeze something.
Something hits you but does no damage.
You hit something but do no damage. Something hits you!
* * * LOW HITPOINT WARNING * * *
Something hits you!
* * * LOW HITPOINT WARNING * * *
You feel better. Something hits you.
* * * LOW HITPOINT WARNING * * *
You block something's attack. Something hits you!
* * * LOW HITPOINT WARNING * * *
Something hits you.
* * * LOW HITPOINT WARNING * * *
Okay, then.
Okay, then.
Okay, then.
Something hits you.
You die...

...).....#.....#####.............
..)))....#.....#...#)............
.........#...>.#...#.............
######...#.....#...#.............
#...##...#.....#...#.............
#......Y.#.....+...........######
#........#..)..#....########
+........'.....#....#
######+###.....#@...#
.............#....#
.............#....#
........######....#
........#.........#
........#..<......#
........+........##
........#........##
#+#######.........#


There were no monsters in sight!

Vanquished Creatures
  Sigmund (D:2)
  A wyvern (D:9)
  18 yaks
  Eustachio (D:6)
  Menkaure (D:5)
  A steam dragon (D:6)
  Duvessa (D:7)
  4 water moccasins (D:9)
  4 orc warriors
  Purgy (Sewer)
  2 black bears
  A sky beast (D:7)
  2 ice beasts
  A hornet zombie (D:8)
  6 centaurs
  3 ogres
  A kobold brigand (D:8)
  A wyvern zombie (D:8)
  5 bullfrogs
  3 scorpions
  A wyvern skeleton (D:6)
  Dowan (D:7)
  A water moccasin skeleton (D:5)
  11 killer bees (D:10)
  8 wights
  A howler monkey (D:8)
  2 jellies
  A bullfrog zombie (D:6)
  2 hounds
  2 centaur zombies
  4 orc priests
  A gnoll shaman (D:6)
  Jessica (D:2)
  A centaur skeleton (D:7)
  An iguana (D:6)
  13 orc wizards
  A scorpion zombie (D:5)
  A killer bee zombie (D:8)
  A howler monkey zombie (D:9)
  2 howler monkey skeletons
  14 adders
  4 gnolls (D:6)
  4 river rats (D:5)
  A shadow imp (D:5)
  An adder zombie (D:1)
  4 worms (D:5)
  5 dart slugs
  27 orcs
  9 endoplasms
  7 giant cockroaches
  6 goblins
  9 hobgoblins
  6 jackals (D:3)
  4 quokkas
  7 ball pythons
  7 bats
  5 frilled lizards
  A giant cockroach zombie (D:1)
  14 kobolds
  7 rats
256 creatures vanquished.

Vanquished Creatures (others)
  41 fungi (D:9)
  28 plants
69 creatures vanquished.

Grand Total: 325 creatures vanquished

Notes
Turn   | Place    | Note
-------+----------+-------------------------------------------
     0 | D:1      | Froggeryz the Octopode Berserker began the quest for the
                  | Orb.
     0 | D:1      | Reached XP level 1. HP: 16/16 MP: 1/1
    43 | D:1      | Reached skill level 1 in Stealth
    43 | D:1      | Reached XP level 2. HP: 17/21 MP: 2/2
   375 | D:1      | Reached XP level 3. HP: 23/26 MP: 3/3
   689 | D:1      | Reached ** piety under Trog
  1036 | D:2      | Reached XP level 4. HP: 24/31 MP: 4/4
  1195 | D:2      | Noticed Jessica
  1201 | D:2      | Killed Jessica
  1271 | D:2      | Noticed Sigmund
  1366 | D:2      | Killed Sigmund
  1367 | D:2      | Reached skill level 5 in Short Blades
  1367 | D:2      | Reached XP level 5. HP: 36/36 MP: 5/5
  1367 | D:2      | Reached XP level 6. HP: 42/42 MP: 6/6
  1416 | D:2      | Found a faded altar of an unknown god.
  2491 | D:3      | Reached skill level 5 in Stealth
  2540 | D:3      | Found an iron altar of Okawaru.
  2827 | D:4      | Found Hurimeda's Weapon Shoppe.
  3240 | D:4      | Reached *** piety under Trog
  3350 | D:5      | Entered Level 5 of the Dungeon
  3350 | D:5      | Noticed Menkaure
  3356 | D:5      | Killed Menkaure
  3357 | D:5      | Reached XP level 7. HP: 46/46 MP: 7/7
  3366 | D:5      | Found a large runed translucent door.
  3437 | D:5      | Found an ancient bone altar of Kikubaaqudgha.
  3437 | D:5      | Found a blossoming altar of Fedhas.
  3614 | D:5      | Reached XP level 8. HP: 24/52 MP: 8/8
  3660 | D:5      | Found a glowing drain.
  3669 | Sewer    | Entered a sewer
  3867 | Sewer    | Noticed Purgy
  3869 | Sewer    | Killed Purgy
  3935 | D:5      | Found a large runed translucent door.
  4215 | D:5      | Found a bloodstained altar of Trog.
  4225 | D:5      | Found a sparkling altar of Nemelex Xobeh.
  4263 | D:6      | Found a staircase to the Ecumenical Temple.
  4264 | D:6      | Noticed a yak
  4268 | D:6      | Noticed a yak
  4268 | D:6      | Noticed a yak
  4283 | D:6      | Killed a yak
  4287 | D:6      | Killed a yak
  4292 | D:6      | Killed a yak
  4364 | D:6      | Reached XP level 9. HP: 45/56 MP: 9/9
  4543 | D:6      | Reached skill level 10 in Short Blades
  4883 | D:6      | Found Xuraniec's Magic Scroll Emporium.
  4945 | D:6      | Noticed Eustachio
  4952 | D:6      | Killed Eustachio
  4953 | D:6      | Reached skill level 10 in Stealth
  5105 | D:6      | Found a sacrificial altar of Ru.
  5105 | D:6      | Found a shimmering altar of Xom.
  5106 | D:6      | Found an ornate altar of the Wu Jian Council.
  5224 | D:7      | Reached **** piety under Trog
  5286 | D:7      | Found a shimmering blue altar of Sif Muna.
  5346 | D:7      | Noticed Duvessa
  5350 | D:7      | Noticed Dowan
  5366 | D:7      | Killed Dowan
  5369 | D:7      | Killed Duvessa
  5955 | D:7      | Reached skill level 5 in Fighting
  6352 | D:8      | Reached XP level 10. HP: 66/66 MP: 10/10
  6987 | D:8      | Reached skill level 5 in Dodging
  8490 | D:9      | Found a staircase to the Lair.
  9337 | D:9      | Reached XP level 11. HP: 68/80 MP: 11/11
  9560 | D:10     | Entered Level 10 of the Dungeon
  9588 | D:10     | Found Suphel's Gadget Gallery.
 10205 | D:10     | Reached skill level 10 in Fighting
 10213 | D:10     | Reached ***** piety under Trog
 10220 | D:10     | Found a staircase to the Orcish Mines.
 10619 | D:10     | Received a gift from Trog
 11399 | D:10     | HP: 3/81 [something (7)]
 11399 | D:10     | HP: 1/81 [something (2)]
 11402 | D:10     | Slain by an unseen horror

Illustrated notes

Levels and vault maps discovered:
D:1:      saegor_arrival_fortress, layout_loops_ring, hangedman_decor_growths
D:2:      layout_basic, dreamdust_ecumenical_altar_statues,
          minmay_increasing_density, uniq_sigmund, uniq_jessica
D:3:      layout_loops_cross, okawaru_ov_weapons_minmay
D:4:      cheibrodos_old_hovel, layout_loops_ring, serial_shops, shop
D:5:      layout_cave_pools, grunt_temple_overflow_growth_and_decay,
          jmf_multi_god_temple2, lightli_sewer_entry_pipes, uniq_menkaure
D:6:      layout_cave_pools, gammafunk_temple_overflow_claw,
          minmay_temple_entry_tees, serial_shops, shop, uniq_eustachio
D:7:      layout_gridville, mainiacjoe_overflow_paths, uniq_duvessa
D:8:      layout_basic, kennysheep_potato
D:9:      layout_irregular_city, due_lair_maze_entry_diamond, solitary_fountain
D:10:     layout_gridville, hiddenorc2_lemuel, nicolae_shop_gadgets

Skill      XL: |  1  2  3  4  5  6  7  8  9 10 11 |
---------------+----------------------------------+-----
Stealth        | 1 2 4 5 7 9 10 | 10.1
Short Blades   | 4 5 6 7 9 10 | 10.6
Fighting       | 5 9 10 | 10.3
Dodging        | 4 6 7 |  7.6

Action                   |  1- 3 |  4- 6 |  7- 9 | 10-12 || total
-------------------------+-------+-------+-------+-------++-------
Melee: Short sword       |    67 |    82 |   186 |   310 ||   645
       Tentacles         |    11 |    13 |    35 |    60 ||   119
       Constrict         |    14 |    14 |    27 |    40 ||    95
Invok: Berserk           |       |     3 |     6 |     8 ||    17
       Trog's Hand       |       |     2 |     4 |     2 ||     8
  Use: Potion            |       |     3 |       |     5 ||     8
       Scroll            |       |     1 |       |     8 ||     9
 Stab: Sleeping          |    12 |    13 |    29 |     3 ||    57
       Distracted        |       |     1 |     3 |       ||     4
Armor: Skin              |     2 |     3 |     3 |     6 ||    14
Dodge: Dodged            |    40 |    39 |    55 |   156 ||   290
Block: Other             |       |     2 |    21 |    52 ||    75
       Reflection        |       |       |     2 |     1 ||     3
